 Dungeon Crawl Stone Soup version 0.28-a0-1510-gd0f6b136d3 (webtiles) character file.

Game seed: 7692206301745631578

33 kae the Insei (level 3, 0/26 HPs)
             Began as a Demonspawn Transmuter on Jan 14, 2022.
             Slain by an adder (3 damage)
             ... on level 2 of the Dungeon.
             The game lasted 00:01:02 (1762 turns).

kae the Insei (Demonspawn Transmuter)               Turns: 1762, Time: 00:01:02

Health: 0/26       AC:  2    Str: 10    XL:     3   Next: 12%
Magic:  5/6        EV: 12    Int: 22    God:
Gold:   25         SH:  0    Dex: 13    Spells: 2/6 levels left

rFire   . . .      SeeInvis .     - Unarmed
rCold   . . .      Faith    .   (no shield)
rNeg    . . .      Spirit   .   a - +0 robe
rPois   .          Reflect  .   (helmet currently unavailable)
rElec   .          Harm     .   (no cloak)
rCorr   .          Rampage  .   (no gloves)
Will    .....                   (boots currently unavailable)
Stlth   +.........              (no amulet)
HPRegen 0.08/turn               e - +6 ring of intelligence
MPRegen 0.10/turn               (no ring)

@: appendages
A: talons 2, antennae 1, demonic guardian 1
a: End Transformation


You were on level 2 of the Dungeon.
You had temporarily grown beastly talons.
You visited 1 branch of the dungeon, and saw 2 of its levels.

You collected 25 gold pieces.

Inventory:

Armour
 a - a +0 robe (worn)
Jewellery
 e - a +6 ring of intelligence (left hand)
Wands
 d - a wand of iceblast (8)
Scrolls
 b - 2 scrolls of holy word
Potions
 c - a potion of berserk rage
 f - a potion of flight
 h - a potion of degeneration {unknown}


   Skills:
 + Level 1.4 Fighting
 + Level 2.0 Dodging
 * Level 3.1 Unarmed Combat
 + Level 2.2 Spellcasting
 * Level 2.3 Transmutations
 * Level 0.0 Poison Magic


You had 2 spell levels left.
You knew the following spells:

 Your Spells              Type           Power      Damage    Failure   Level
a - Beastly Appendage     Tmut           24%        N/A       5%          1
b - Spider Form           Tmut/Pois      7%         N/A       26%         3

Your spell library contained the following spells:

 Spells                   Type           Power      Damage    Failure   Level
 Wereblood                Tmut           12%        N/A       8%          2
 Sublimation of Blood     Necr           2%         N/A       21%         2
 Ice Form                 Ice/Tmut       7%         N/A       63%         4
 Summon Hydra             Summ           1%         N/A       100%        7


Dungeon Overview and Level Annotations

Branches:
Dungeon (2/15)

Altars:
Dithmenos


Innate Abilities, Weirdness & Mutations

You have temporarily grown beastly talons.
You have a pair of small antennae on your head.
A weak demonic guardian rushes to your aid.


Message History

You closely miss the adder.
The adder is lightly wounded.
The adder closely misses you.
You hit the adder but do no damage.
The adder is lightly wounded.
The adder bites you but does no damage. The adder barely misses you.
You miss the adder.
The adder is lightly wounded.
The adder completely misses you.
You closely miss the adder. Your punch misses the adder.
The adder is lightly wounded.
The adder barely misses you.
You closely miss the adder. Your kick misses the adder.
The adder is lightly wounded.
The adder bites you.
You are poisoned.
The adder poisons you!
You miss the adder.
The adder is lightly wounded.
You feel sick. The adder barely misses you.
You completely miss the adder. You claw the adder.
The adder is moderately wounded.
Your transformation is almost over.
You feel sick. The adder bites you. The adder closely misses you.
You closely miss the adder. Your kick misses the adder.
The adder is moderately wounded.
You feel sick. The adder barely misses you.
Casting: Beastly Appendage (safe; 5% risk of failure)
Confirm with . or Enter, or press ? or * to list all spells.
You extend your transformation's duration.
You feel sick. The adder bites you.
* * * LOW HITPOINT WARNING * * *
A demonic guardian appears!
You feel sick.
You are no longer poisoned.
The adder closely misses you. The adder bites you but does no damage.
You hit the adder. Your kick misses the adder.
The adder is heavily wounded.
The adder bites you.
You die...

........#
#########...##.##.#
.#......##
#......###........#
.........# #.####.#
##.#####.#
.#.......###.####[#
#.#####>#
.#.............##.#
#.......#
......#..###.#.##.#
#########
##.......# #.#.##.#
#........###......#
#.......###....5@##
#.......# #.##.#S#
....... . #.#.#
....... #. ..#.# .#
#.# .. #.# #. ..#
###


You could see an adder (ally target) and a friendly iron imp (summoned).

Vanquished Creatures
  2 endoplasms
  4 goblins (D:1)
  3 hobgoblins
  4 jackals (D:1)
  2 kobolds
  A quokka (D:2)
  4 ball pythons
  2 bats
  2 rats
24 creatures vanquished.

Vanquished Creatures (collateral kills)
  A worm (D:2)
  An endoplasm (D:2)
2 creatures vanquished.

Vanquished Creatures (others)
  3 plants (D:1)
3 creatures vanquished.

Grand Total: 29 creatures vanquished

Notes
Turn   | Place    | Note
-------+----------+-------------------------------------------
     0 | D:1      | kae the Demonspawn Transmuter began the quest for the Orb.
     0 | D:1      | Reached XP level 1. HP: 15/15 MP: 3/3
    47 | D:1      | Found a faded altar of an unknown god.
   136 | D:1      | Gained mutation: A weak demonic guardian rushes to your
                  | aid. [demonic ancestry]
   136 | D:1      | Reached XP level 2. HP: 21/21 MP: 3/5
   606 | D:1      | Reached skill level 3 in Unarmed Combat
   996 | D:2      | Found a shadowy altar of Dithmenos.
  1499 | D:2      | Discovered your monstrous ancestry.
  1499 | D:2      | Lost mutation: You have a pair of horns on your head.
                  | [demonic ancestry]
  1499 | D:2      | Lost mutation: You have a pair of small horns on your head.
                  | [demonic ancestry]
  1499 | D:2      | Gained mutation: You have a pair of small antennae on your
                  | head. [demonic ancestry]
  1499 | D:2      | Reached XP level 3. HP: 25/26 MP: 4/6
  1548 | D:2      | Learned a level 3 spell: Spider Form
  1762 | D:2      | Slain by an adder

Illustrated notes

Levels and vault maps discovered:
D:1:      roderic_crop_circles_arrival_small, layout_basic,
          shapermc_ecumenical_altar_acropolis
D:2:      layout_loops_cross, basic_altar, minmay_split_cup_small

Skill      XL: |  1  2 |
---------------+-------+-----
Transmutations | 2 |  2.3
Dodging        | 2 |  2.0
Unarmed Combat | 3 |  3.1
Fighting       | |  1.4
Spellcasting   | |  2.2

Action                   || total
-------------------------++-------
Melee: Unarmed           ||    80
       Kick              ||    10
       Headbutt          ||     7
       Punch             ||     1
 Cast: Beastly Appendage ||    20
  Use: Scroll            ||     6
Armor: Robe              ||    14
Dodge: Dodged            ||    51

Table legend: (Time is in decaauts)
 A = Elapsed time spent in this place.
 B = Non-inter-level travel time spent in this place.
 C = Inter-level travel time spent in this place.
 D = Time resting spent in this place.
 E = Time spent auto-exploring this place.
 F = Levels seen in this place.
 G = Mean time per level.
                   A        B        C        D        E       F      G
               +--------+--------+--------+--------+--------+-----+--------+
         Total |   1757 |   1724 |     33 |    123 |   1398 |   2 |  878.5 |
       Dungeon |   1757 |   1724 |     33 |    123 |   1398 |   2 |  878.5 |
               +--------+--------+--------+--------+--------+-----+--------+

Top non-repeatable levels by time:
     D:1: 994 daAuts
     D:2: 763 daAuts
